 Dungeon Crawl Stone Soup version 0.22.1-2-g9c5b331383 (webtiles) character file.

41 McIrco the Sneak (level 3, 0/27 HPs)
             Began as a Vampire Assassin on Jan 6, 2019.
             Slain by a worm (10 damage)
             ... on level 2 of the Dungeon.
             The game lasted 00:02:52 (2891 turns).

McIrco the Sneak (Vampire Assassin)                 Turns: 2891, Time: 00:02:52

Health: 0/27       AC:  3    Str: 10    XL:     3   Next: 32%
Magic:  2/3        EV: 12    Int: 13    God:
Gold:   53         SH:  0    Dex: 16    Spells: 2/2 levels left

rFire    . . .     SeeInvis +   a - +2 dagger
rCold    + + .     Gourm    .   (no shield)
rNeg     + + +     Faith    .   c - +0 robe
rPois    ∞         Spirit   .   (no helmet)
rElec    .         Reflect  .   d - +0 cloak
rCorr    .         Harm     .   (no gloves)
MR       .....                  (no boots)
Stlth    ++++++....             (no amulet)
HPRegen  0.00/turn              (no ring)
MPRegen  0.08/turn              (no ring)

@: bloodless, non-regenerating
A: fangs 3, see invisible, unbreathing
a: Bat Form


You were on level 2 of the Dungeon.
You were bloodless.

You visited 1 branch of the dungeon, and saw 2 of its levels.

You collected 53 gold pieces.

Inventory:

Hand Weapons
 a - a +2 dagger (weapon)
 b - a +0 blowgun
Missiles
 e - 8 poisoned needles
 f - 2 curare-tipped needles
 m - 3 needles of sleeping
Armour
 c - a +0 robe (worn)
 d - a +0 cloak (worn)
 j - a +0 ring mail of fire resistance
Jewellery
 n - an uncursed ring of fire {unknown}
Scrolls
 i - a scroll of teleportation {unknown}
 k - 3 scrolls of remove curse {unknown}
 l - 2 scrolls of identify {unknown}
Potions
 g - 7 potions of blood
 h - a potion of curing {unknown}
 o - a potion of heal wounds {unknown}


   Skills:
 + Level 1.8 Fighting
 + Level 2.8 Short Blades
 + Level 1.7 Throwing
 + Level 1.5 Dodging
 - Level 7.0 Stealth


You had 2 spell levels left.
You didn't know any spells.
Your spell library was empty.

Dungeon Overview and Level Annotations

Branches:
Dungeon (2/15)

Altars:


Innate Abilities, Weirdness & Mutations

You do not heal naturally.
You are immune to poison.
You have razor-sharp teeth.
You have supernaturally acute eyesight. (SInv)
You can survive without breathing.


Message History

The worm bites you but does no damage.
You barely miss the worm.
The worm is moderately wounded.
You barely miss the worm. You bite the worm, but do no damage.
The worm is moderately wounded.
The worm barely misses you.
You barely miss the worm.
The worm is moderately wounded.
You hit the worm. You bite the worm, but do no damage.
The worm is heavily wounded.
The worm closely misses you.
You hit the worm.
The worm is heavily wounded.
You hit the worm but do no damage. You bite the worm.
The worm is severely wounded.
The worm bites you!
You hit the worm.
The worm is almost dead.
The worm bites you!
You die...

...................# #...
..................#
##...............####
#.......######.......
#.......##...#........
####....##...#.....a)..
#............#......... ....
#.....w................ ..o...S
#.....@..........b[.... .....o.
#...................... .ooo...
#.................###.. .?.....
#......................
..w....##......................
...............................
##.......###########...........
#...?..........................
#...................$..........


You could see a worm.

Vanquished Creatures
  An adder (D:2)
  An ooze (D:1)
  A worm (D:2)
  3 giant cockroaches
  4 goblins
  3 hobgoblins
  3 bats (D:1)
  2 frilled lizards
  4 kobolds
  4 rats
26 creatures vanquished.

Notes
Turn   | Place    | Note
-------+----------+-------------------------------------------
     0 | D:1      | McIrco the Vampire Assassin began the quest for the Orb.
     0 | D:1      | Reached XP level 1. HP: 16/16 MP: 1/1
  1813 | D:1      | Reached skill level 6 in Stealth
  1998 | D:1      | Reached XP level 2. HP: 19/22 MP: 2/2
  2472 | D:2      | Reached XP level 3. HP: 13/27 MP: 3/3
  2838 | D:2      | Found a faded altar of an unknown god.
  2855 | D:2      | Reached skill level 7 in Stealth
  2891 | D:2      | Slain by a worm

Skill      XL: |  1  2  3 |
---------------+----------+-----
Stealth        | 6 7 |  7.0
Fighting       | |  1.8
Short Blades   | |  2.8
Throwing       | |  1.7
Dodging        | |  1.5

Action                   || total
-------------------------++-------
Melee: Dagger            ||    79
       Bite              ||     6
 Abil: End Transformatio ||     3
       Bat Form          ||     3
  Use: Potion            ||     1
 Stab: Sleeping          ||     9
       Distracted        ||     1
Armor: Robe              ||    18
Dodge: Dodged            ||    43
